 Dungeon Crawl Stone Soup version 0.22-a0-322-g60b3cfd (webtiles) character file.

21 Kairos the Skirmisher (level 2, 26/27 HPs)
             Began as a Hill Orc Fighter on Apr 5, 2018.
             Got out of the dungeon alive.
             The game lasted 00:00:54 (699 turns).

Kairos the Skirmisher (Hill Orc Fighter)             Turns: 699, Time: 00:00:55

Health: 26/27      AC:  6    Str: 18    XL:     2   Next: 87%
Magic:  2/2        EV:  7    Int:  8    God:
Gold:   39         SH: 10    Dex: 10    Spells: 1/1 levels left

rFire    . . .     SeeInvis .   a - +0 war axe
rCold    . . .     Gourm    .   c - +1 shield
rNeg     . . .     Faith    .   b - +0 scale mail
rPois    .         Spirit   .   (no helmet)
rElec    .         Reflect  .   (no cloak)
rCorr    .         Harm     .   (no gloves)
MR       .....                  (no boots)
Stlth    ..........             g - amulet of inaccuracy (curse)
HPRegen  0.09/turn              (no ring)
MPRegen  0.08/turn              (no ring)

@: no status effects
A: no striking features
a: no special abilities


You escaped.
You were not hungry.

You visited 1 branch of the dungeon, and saw 2 of its levels.

You collected 39 gold pieces.

Inventory:

Hand Weapons
 a - a +0 war axe (weapon)
Armour
 b - a +0 scale mail (worn)
 c - a +1 shield (worn)
Jewellery
 g - a cursed amulet of inaccuracy (around neck)
 i - a cursed amulet of inaccuracy
Scrolls
 h - 2 scrolls of identify
Potions
 d - a potion of might
Comestibles
 f - a ration


   Skills:
 + Level 4.0 Fighting
 + Level 3.2 Axes
 + Level 3.5 Armour
 + Level 0.4 Dodging
 + Level 3.4 Shields


You had one spell level left.
You didn't know any spells.

Dungeon Overview and Level Annotations

Branches:
Dungeon (2/15)

Altars:


Message History

You barely miss the leopard gecko. The leopard gecko bites you. x2
Unknown command.
Your shield prevents you from hitting the leopard gecko.
The leopard gecko bites you but does no damage.
Unknown command.
You miss the leopard gecko. The leopard gecko barely misses you.
The leopard gecko closely misses you.
You slash the leopard gecko!
You kill the leopard gecko!
No target in view!
No target in view!
No target in view!
There is a stone staircase leading up here.
You climb upwards.
There is a stone staircase leading down here.
You see here a scale mail.
There is an open gate here.
There is a staircase leading out of the dungeon here.
Are you sure you want to leave the Dungeon?
This will make you lose the game!
You have escaped!

#.[........# #........#.....#
#..........# ####........#......
#..........####..#...............
.......######....#....##.........
..#########......#...###.........
..# ###........#...# #.....###.
..#####......##..#...######### #.
#..'.......####..#...##.....####.
#..'.....### #.@#.............##
##.'.......####..####............
#######......##..# #............
##### ###........# #............
....# ###......# #............
....# ###....# #.[..........
....# ###..# #...######... ....#
##########......... ....###
#######.....#.......##


There were no monsters in sight!

Vanquished Creatures
  An ooze (D:1)
  A leopard gecko (D:2)
  A ball python (D:1)
  A goblin (D:1)
  4 jackals (D:1)
  4 kobolds
  2 bats (D:1)
  2 frilled lizards (D:1)
16 creatures vanquished.

Notes
Turn   | Place    | Note
-------+----------+-------------------------------------------
     0 | D:1      | Kairos the Hill Orc Fighter began the quest for the Orb.
     0 | D:1      | Reached XP level 1. HP: 19/19 MP: 1/1
   146 | D:1      | Reached XP level 2. HP: 19/27 MP: 2/2
   639 | D:2      | Reached skill level 4 in Fighting
   699 | D:$      | Got out of the dungeon alive.

Vault maps used:
D:1:      lemuel_arrival_funnel
D:2:      lemuel_crystal_altar, serial_park_tiny_2, minmay_hexomino_u4,
          uniq_natasha, uniq_crazy_yiuf_cottage

Skill      XL: |  1  2 |
---------------+-------+-----
Axes           | 3 |  3.2
Fighting       | 4 |  4.0
Armour         | |  3.5
Dodging        | |  0.4
Shields        | |  3.4

Action                   || total
-------------------------++-------
Melee: War axe           ||    47
  Use: Scroll            ||     2
Armor: Scale mail        ||    32
Dodge: Dodged            ||    15
Block: Shield            ||    25

Table legend:
 A = Spawn XP
 B = Non-spawn XP
 C = Spawn XP percentage of total XP
 D = Spawn monster count
 E = Non-spawn monster count
 F = Spawn count percentage of total count
 G = Total turns spent on level
                    A         B        C        D         E        F      G
               +---------+---------+-------+---------+---------+-------+---------
         Total |       0 |      31 |   0.0 |       0 |      16 |   0.0 |   699
               +---------+---------+-------+---------+---------+-------+---------
           D:1 |       0 |      27 |   0.0 |       0 |      14 |   0.0 |   683
           D:2 |       0 |       4 |   0.0 |       0 |       2 |   0.0 |    16
               +---------+---------+-------+---------+---------+-------+---------
